details: 'a sweet game'

« prev index next »

General information

Mini Map

Players

team 1
Random» Undeadiggy_the_fisk (teal | 132 APM | 2950 actions | 22:22)
Hero icon 5 Death Knight
Ability icon 3 Death Coil
Ability icon 2 Unholy Aura
Hero icon 4 Lich
Ability icon 2 Frost Nova
Ability icon 2 Frost Armor

» actions
Assign group hotkey184
Basic commands57
Build / train82
Enter build submenu11
Enter hero's abilities submenu9
Remove unit from queue1
Right click1508
Select / deselect401
Select group hotkey600
Use ability97
2950 total
» units
Acolyte4
Ghoul4
Crypt Fiend32
Obsidian Statue7
Abomination4
51 total
» upgrades
Burrow1
Creature Attack1
Disease Cloud1
3 total
» buildings
Crypt1
Graveyard1
Altar of Darkness1
Ziggurat4
Tomb of Relics1
Nerubian Tower5
Halls of the Dead1
Slaughterhouse1
Sacrificial Pit1
Black Citadel1
17 total
» build order
00:07 Crypt
00:19 Graveyard
00:41 Altar of Darkness
00:59 Ziggurat
01:23 Tomb of Relics
01:52 Nerubian Tower
01:55 Nerubian Tower
01:56 Nerubian Tower
01:56 Nerubian Tower
01:56 Nerubian Tower
02:17 Ziggurat
03:55 Halls of the Dead
06:01 Ziggurat
07:35 Slaughterhouse
11:40 Sacrificial Pit
12:40 Ziggurat
13:15 Black Citadel
» items
Rod of Necromancy2
Dust of Appearance1
Scroll of Town Portal2
Potion of Healing1
6 total
Random» HumanTIMG4STRok (green | 207 APM | 4635 actions | 22:23)
Hero icon 4 Archmage
Ability icon 2 Summon Water Elemental
Ability icon 2 Brilliance Aura
Hero icon 3 Mountain King
Ability icon 2 Storm Bolt
Ability icon 1 Bash

» actions
Assign group hotkey41
Basic commands141
Build / train66
ESC pressed2
Enter build submenu24
Enter hero's abilities submenu7
Give item / drop item3
Right click2459
Select / deselect436
Select group hotkey1367
Use ability89
4635 total
» units
Peasant8
Footman10
Sorceress4
Priest3
Spell Breaker3
Mortar Team7
35 total
» upgrades
Sorceress Training2
Priest Training2
Plating1
Gunpowder1
Fragmentation Shards1
Flare1
8 total
» buildings
Altar of Kings1
Barracks1
Farm10
Scout Tower4
Arcane Tower2
Keep1
Arcane Vault1
Arcane Sanctum2
Blacksmith1
Workshop1
Castle1
Cannon Tower1
Lumber Mill1
Guard Tower1
28 total
» build order
00:06 Altar of Kings
00:11 Barracks
00:22 Farm
00:59 Farm
01:44 Farm
01:47 Scout Tower
02:16 Arcane Tower
02:23 Farm
03:35 Keep
03:44 Arcane Vault
04:20 Farm
04:39 Farm
06:00 Arcane Sanctum
06:02 Arcane Sanctum
06:13 Blacksmith
09:10 Farm
09:12 Farm
11:04 Workshop
11:53 Castle
12:28 Farm
13:00 Farm
19:21 Scout Tower
19:22 Scout Tower
20:43 Arcane Tower
20:44 Cannon Tower
20:48 Lumber Mill
20:49 Scout Tower
21:41 Guard Tower
» items
Scroll of Regeneration3
Scroll of Town Portal1
Potion of Healing1
5 total
team 2
OrcGrubbby (blue | 98 APM | 2198 actions | 22:21)
Hero icon 3 Blademaster
Ability icon 2 Wind Walk
Ability icon 1 Critical Strike
Hero icon 3 Naga Sea Witch
Ability icon 1 Frost Arrows
Ability icon 2 Forked Lightning

» actions
Assign group hotkey38
Basic commands172
Build / train61
Enter build submenu17
Enter hero's abilities submenu6
Remove unit from queue4
Right click1215
Select / deselect391
Select group hotkey184
Use ability110
2198 total
» units
Peon7
Grunt9
Raider3
Spirit Walker3
Kodo Beast1
Demolisher1
24 total
» upgrades
Pillage0
Berserker Strength1
Ensnare1
Spirit Walker Training1
3 total
» buildings
Altar of Storms1
Orc Burrow6
Barracks2
Voodoo Lounge1
Stronghold1
Beastiary1
Spirit Lodge1
War Mill1
Fortress1
15 total
» build order
00:05 Altar of Storms
00:17 Orc Burrow
00:45 Barracks
01:24 Orc Burrow
02:42 Voodoo Lounge
03:26 Stronghold
05:22 Orc Burrow
05:25 Orc Burrow
07:18 Beastiary
07:21 Spirit Lodge
08:41 Orc Burrow
11:52 Orc Burrow
12:41 War Mill
17:11 Fortress
17:21 Barracks
» items
Circlet of Nobility1
Healing Salve4
Lesser Clarity Potion2
Scroll of Speed2
Potion of Healing2
Scroll of Town Portal2
Orb of Venom1
Boots of Speed1
Scroll of Protection1
Scroll of Healing1
17 total
NightElfMoonMe (red | 119 APM | 2651 actions | 22:19)
Hero icon 4 Demon Hunter
Ability icon 2 Mana Burn
Ability icon 2 Evasion
Hero icon 4 Pandaren Brewmaster
Ability icon 2 Breath of Fire
Ability icon 2 Drunken Haze

» actions
Assign group hotkey36
Basic commands142
Build / train86
ESC pressed4
Enter build submenu15
Enter hero's abilities submenu8
Give item / drop item3
Remove unit from queue1
Right click929
Select / deselect312
Select group hotkey964
Use ability151
2651 total
» units
Wisp30
Huntress4
Dryad5
Druid of the Claw4
43 total
» upgrades
Abolish Magic2
Druid of the Claw Training3
Reinforced Hides2
Strength of the Wild2
Mark of the Claw1
Well Spring1
11 total
» buildings
Altar of Elders1
Moon Well6
Ancient of War1
Hunter's Hall1
Tree of Ages1
Ancient of Lore4
Ancient of Wonders1
Tree of Eternity1
Tree of Life1
17 total
» build order
00:04 Altar of Elders
00:17 Moon Well
01:41 Ancient of War
01:44 Hunter's Hall
01:59 Moon Well
02:50 Tree of Ages
03:36 Moon Well
05:27 Ancient of Lore
05:28 Ancient of Lore
05:33 Moon Well
07:29 Ancient of Lore
07:30 Ancient of Lore
07:33 Ancient of Wonders
08:21 Tree of Eternity
10:30 Moon Well
10:31 Moon Well
14:53 Tree of Life
» items
Boots of Speed3
Staff of Preservation2
Potion of Healing2
Scroll of Healing1
Scroll of Town Portal2
Orb of Venom1
11 total